 Dungeon Sprint DCSS version 0.21.0-24-g2553a33 (webtiles) character file.

42 letownia2 the Ruffian (level 3, -1/33 HPs)
             Began as a Troll Wizard on Jan 21, 2018.
             Was an Initiate of Gozag.
             Slain by a warg (5 damage)
             ... in the Dungeon (Sprint VII: "The Pits").
             The game lasted 00:01:09 (134 turns).

letownia2 the Ruffian (Troll Wizard)                 Turns: 134, Time: 00:01:09

Health: -1/33      AC:  5    Str: 15    XL:     3   Next: 33%
Magic:  5/5        EV: 10    Int: 15    God:    Gozag
Gold:   225        SH:  0    Dex:  8    Spells: 3/7 levels left

rFire    . . .     SeeInvis .     - Unarmed
rCold    . . .     Gourm    +   (no shield)
rNeg     . . .     Faith    .   a - +0 robe
rPois    .         Spirit   .   b - +0 hat
rElec    .         Reflect  .   (no cloak)
rCorr    .         Harm     .   (gloves unavailable)
MR       .....     NoTele   +   (boots unavailable)
Stlth    +.........             (no amulet)
HPRegen  0.51/turn              (no ring)
MPRegen  0.09/turn              (no ring)

@: no status effects
A: large, unfitting armour, claws 3, fast metabolism 3, gourmand, regeneration
1, shaggy fur 1, tough skin 2
a: Potion Petition, Call Merchant, Bribe Branch, Renounce Religion


You were in the Dungeon.
You worshipped Gozag.
Gozag was aware of your devotion.
You were not hungry.

You visited 1 branch You collected 225 gold pieces.

Inventory:

Armour
 a - a +0 robe (worn)
 b - a +0 hat (worn)
Magical Staves
 e - an uncursed staff of energy
Scrolls
 j - a scroll of blinking
 l - 3 scrolls of remove curse
 m - 5 scrolls of amnesia
 n - a scroll of summoning
Potions
 f - a potion of heal wounds
 g - a potion of haste
 h - 4 potions of magic
 i - 3 potions of berserk rage
 k - 2 potions of invisibility
 o - a potion of curing
Books
 c - a book of Minor Magic

   Spells                             Type                      Level
   a - Magic Dart                     Conjuration                  1
   b - Blink                          Translocation                2
   c - Call Imp                       Summoning                    2
   d - Slow                           Hexes                        2
   e - Conjure Flame                  Conjuration/Fire             3
   f - Mephitic Cloud                 Conjuration/Poison/Air       3
Comestibles
 d - 10 rations


   Skills:
 - Level 1.4 Fighting
 - Level 1.6 Dodging
 - Level 1.0 Stealth
 + Level 4.6 Unarmed Combat
 + Level 2.5 Spellcasting
 + Level 2.0 Conjurations
   Level 0.6 Summonings
   Level 0.6 Translocations
 + Level 0.1 Air Magic
 + Level 0.1 Poison Magic


You had 3 spell levels left.
You knew the following spells:

 Your Spells              Type           Power        Failure   Level  Hunger
a - Magic Dart            Conj           #...         9%          1    #......
e - Mephitic Cloud        Conj/Pois/Air  #.......     41%         3    ###....


Dungeon Overview and Level Annotations

Branches:
Dungeon (1/1)

Altars:
Ashenzari
Cheibriados
Dithmenos
Elyvilon
Fedhas
Gozag
Hepliaklqana
Kikubaaqudgha
Makhleb
Nemelex Xobeh
Okawaru
Qazlal
Ru
Sif Muna
Trog
Uskayaw
Vehumet
Wu Jian
Xom
Yredelemnul
Zin
The Shining One
Beogh
Jiyva
Lugonu


Innate Abilities, Weirdness & Mutations

You are too large for most types of armour.
You have claws for hands.
Your metabolism is lightning-fast.
You like to eat raw meat.
Your natural rate of healing is unusually fast.
You are covered in fur. (AC +1)
You have very tough skin. (AC +2)


Message History

You claw the warg!
The warg is heavily wounded.
The warg closely misses you.
You miss the warg.
The warg is heavily wounded.
The warg bites you!
* * * LOW HITPOINT WARNING * * *
The hobgoblin shouts!
You claw the warg!
The warg is almost dead.
The warg bites you but does no damage.
Unknown command.
You scratch the warg.
The warg is almost dead.
The warg closely misses you.
You scratch the warg.
The warg is almost dead.
The warg bites you.
You die...
Your body crumbles into a pile of gold.

#_________.#
#_______...###########++
##########'##...........
#.?(.')))'.##......#..#.
##########.##...........
#...........'...........
#'#####'#####......#..#.
#.#. #...'.##...........
#.#..#...#@#####'#####++
#.#..#####h##.......#
#.#..Z.h.#h##.......#
#.#.h'h..gZ##.......#
#.#.g########...<...#
#.#. #.......# #
#.......# #.......#
#########


You could see a warg, a jackal, a hobgoblin and a quokka skeleton.

Vanquished Creatures
  A worker ant (D)
  An adder (D)
  2 leopard geckos (D)
  3 jackals (D)
  A rat (D)
8 creatures vanquished.

Notes
Turn   | Place    | Note
-------+----------+-------------------------------------------
     0 | D        | letownia2 the Troll Wizard began the quest for the Orb.
     0 | D        | Reached XP level 1. HP: 16/16 MP: 2/2
    38 | D        | Found a bloodstained altar of Trog.
    38 | D        | Found a deep blue altar of Sif Muna.
    38 | D        | Found a viscous altar of Jiyva.
    38 | D        | Found a hazy altar of Hepliaklqana.
    38 | D        | Found an opulent altar of Gozag.
    39 | D        | Found a glowing golden altar of the Shining One.
    39 | D        | Found a glowing silver altar of Zin.
    39 | D        | Found a basalt altar of Yredelemnul.
    39 | D        | Found a shimmering altar of Xom.
    39 | D        | Found an ornate altar of the Wu Jian Council.
    39 | D        | Found a sacrificial altar of Ru.
    39 | D        | Found a stormy altar of Qazlal.
    39 | D        | Found an iron altar of Okawaru.
    39 | D        | Found a sparkling altar of Nemelex Xobeh.
    39 | D        | Found a burning altar of Makhleb.
    39 | D        | Found a blossoming altar of Fedhas.
    39 | D        | Found a white marble altar of Elyvilon.
    39 | D        | Found a shadowy altar of Dithmenos.
    39 | D        | Found a snail-covered altar of Cheibriados.
    40 | D        | Found a radiant altar of Vehumet.
    40 | D        | Found a corrupted altar of Lugonu.
    40 | D        | Found a roughly hewn altar of Beogh.
    41 | D        | Found an ancient bone altar of Kikubaaqudgha.
    41 | D        | Found a hide-covered altar of Uskayaw.
    41 | D        | Found a shattered altar of Ashenzari.
    43 | D        | Became a worshipper of Gozag Ym Sagoz the Greedy
    62 | D        | Reached skill level 1 in Fighting
    62 | D        | Reached skill level 2 in Unarmed Combat
    62 | D        | Reached XP level 2. HP: 23/27 MP: 4/4
   103 | D        | Reached skill level 4 in Unarmed Combat
   103 | D        | Reached skill level 1 in Conjurations
   103 | D        | Reached XP level 3. HP: 20/33 MP: 5/5
   111 | D        | Learned a level 3 spell: Mephitic Cloud
   118 | D        | Noticed a warg
   134 | D        | Slain by a warg

Skill      XL: |  1  2  3 |
---------------+----------+-----
Fighting       | 1 |  1.4
Unarmed Combat | 2 4 |  4.6
Conjurations   | 1 2 |  2.0
Dodging        | |  1.6
Stealth        | |  1.0
Spellcasting   | |  2.5
Summonings     | |  0.6
Translocations | |  0.6
Air Magic      | |  0.1
Poison Magic   | |  0.1

Action                   || total
-------------------------++-------
Melee: Unarmed           ||    36
Armor: Robe              ||     7
Dodge: Dodged            ||    17
